[Event "Titled Tuesday Blitz September 13 Late 2022"]
[White "Mikhalsky, Vladimir"]
[Black "Zhigalko, Sergei"]
[WhiteFideId "14144352"]
[BlackFideId "13502956"]
[WhiteElo "2271"]
[BlackElo "2662"]
[Result "0-1"]
[Round "01"]
[TimeControl "180+1"]
[Date "2022.09.13"]
[WhiteClock "0:00:01"]
[BlackClock "0:00:05"]

1. d4 Nf6 2. g3 d5 3. Bg2 Bf5 4. Nf3 e6 5. O-O h6 6. c4 c6 7. b3 Nbd7 8. Bb2 Bd6 9. Nbd2 O-O 10. Ne5 Qe7 11. a3 Rfd8 12. c5 Bxe5 13. dxe5 Ng4 14. Nf3 Be4 15. b4 Bxf3 16. exf3 Ngxe5 17. f4 Nc4 18. Bc3 b6 19. cxb6 axb6 20. Qd4 Nf6 21. a4 c5 22. bxc5 bxc5 23. Qd3 Ra6 24. Rfe1 Rda8 25. Qc2 Nd6 26. Bxf6 Qxf6 27. Qxc5 Nc4 28. Qb5 Ra5 29. Qc6 Nb2 30. Bf1 Nxa4 31. Qc7 R5a7 32. Qc6 Qc3 33. Qb5 Qc7 34. Rec1 Qd8 35. Rcb1 Nc3 36. Rxa7 Nxb5 37. Rxa8 Qxa8 38. Rxb5 g6 39. Rc5 Kg7 40. h4 Qa7 41. Rc3 Kf6 42. h5 gxh5 43. Rb3 Qd4 44. Kg2 Kg7 45. Be2 h4 46. Bf3 hxg3 47. fxg3 Qd2+ 48. Kh3 Qf2 49. Kg4 Kf6 50. Ra3 Qf1 51. Kh4 Qg1 52. Kg4 Qh2 53. Bd1 h5+ 54. Kf3 h4 55. Kg4 h3 56. Kh4 Qg1 57. Bg4 h2 0-1


[Site "https://www.chess.com"]

[Event "Titled Tuesday Blitz September 13 Late 2022"]
[White "Nazaretyan, Tigran"]
[Black "Jobava, Baadur"]
[WhiteFideId "24162345"]
[BlackFideId "13601520"]
[WhiteElo "2173"]
[BlackElo "2582"]
[Result "0-1"]
[Round "01"]
[TimeControl "180+1"]
[Date "2022.09.13"]
[WhiteClock "0:00:58"]
[BlackClock "0:02:28"]

1. d4 Nf6 2. c4 c5 3. d5 g6 4. Nc3 d6 5. e4 Bg7 6. Bd3 O-O 7. h3 e6 8. Nf3 exd5 9. cxd5 Re8 10. O-O a6 11. a4 Nbd7 12. Bf4 Nh5 13. Bxd6 Qb6 14. e5 Nxe5 15. Bxe5 Rxe5 16. Nxe5 Bxe5 17. Qc2 Bd7 18. a5 Qf6 19. Ne4 Qh4 20. Rfe1 Bxh3 21. gxh3 Qxh3 22. f3 Bd4+ 23. Nf2 Ng3 24. Re3 Bxe3 25. Qxc5 Qh1# 0-1


[Site "https://www.chess.com"]

[Event "Titled Tuesday Blitz September 13 Late 2022"]
[White "Novikova, Galina"]
[Black "Maksimovic, Bojan"]
[WhiteFideId "4157095"]
[BlackFideId "14408120"]
[WhiteElo "1897"]
[BlackElo "2447"]
[Result "0-1"]
[Round "01"]
[TimeControl "180+1"]
[Date "2022.09.13"]
[WhiteClock "0:00:01"]
[BlackClock "0:01:25"]

1. e4 g6 2. d4 Bg7 3. Nc3 c6 4. Be3 d5 5. e5 h5 6. f4 Nh6 7. Qd2 Ng4 8. O-O-O Nxe3 9. Qxe3 Bg4 10. Be2 Bxe2 11. Ngxe2 e6 12. Kb1 Nd7 13. h3 h4 14. g4 hxg3 15. Nxg3 Qh4 16. Rdg1 O-O-O 17. Nge2 Rh7 18. Rg4 Qxg4 19. hxg4 Rxh1+ 20. Nc1 Rdh8 21. b3 R8h3 22. Qd2 Bf8 23. Kb2 Bb4 24. N1e2 R1h2 25. Qe1 Re3 26. Qf1 c5 27. a3 Bxc3+ 28. Nxc3 cxd4 29. Nb5 d3 30. Nd6+ Kb8 31. a4 dxc2 32. Qc1 Rd3 33. f5 Rd1 34. Qe3 c1=Q# 0-1


[Site "https://www.chess.com"]

[Event "Titled Tuesday Blitz September 13 Late 2022"]
[White "Ozen, Bahadir"]
[Black "Lorenzo De La Riva, Lazaro"]
[WhiteFideId "6337058"]
[BlackFideId "2268809"]
[WhiteElo "2503"]
[BlackElo "2325"]
[Result "1-0"]
[Round "01"]
[TimeControl "180+1"]
[Date "2022.09.13"]
[WhiteClock "0:01:52"]
[BlackClock "0:01:23"]

1. Nf3 Nf6 2. e3 e6 3. Be2 b6 4. O-O Bb7 5. c4 Be7 6. b3 O-O 7. Bb2 c5 8. d4 cxd4 9. Nxd4 a6 10. Nd2 Qc7 11. Rc1 d6 12. Bf3 Nbd7 13. Bxb7 Qxb7 14. Qf3 Qxf3 15. N2xf3 Rfc8 16. Rfd1 Ne4 17. Kf1 Rab8 18. Nd2 Nxd2+ 19. Rxd2 Nc5 20. Ke2 Kf8 21. Rdc2 Rc7 22. Rd1 Rbc8 23. Ba3 g6 24. g4 Nd7 25. Nf3 Nc5 26. h3 Nb7 27. Rcd2 b5 28. cxb5 axb5 29. Nd4 d5 30. Bxe7+ Kxe7 31. Nxb5 Rc6 32. Na7 1-0


[Site "https://www.chess.com"]

[Event "Titled Tuesday Blitz September 13 Late 2022"]
[White "Paravyan, David"]
[Black "Ozates, Tuna"]
[WhiteFideId "4194985"]
[BlackFideId "6354521"]
[WhiteElo "2555"]
[BlackElo "1887"]
[Result "1-0"]
[Round "01"]
[TimeControl "180+1"]
[Date "2022.09.13"]
[WhiteClock "0:01:00"]
[BlackClock "0:00:04"]

1. e4 e5 2. Nf3 Nc6 3. Nc3 Nf6 4. d4 exd4 5. Nxd4 Bb4 6. Nxc6 bxc6 7. Bd3 d5 8. exd5 O-O 9. O-O cxd5 10. h3 h6 11. a3 Bd6 12. Nb5 c5 13. Nxd6 Qxd6 14. Qf3 Bb7 15. b4 cxb4 16. axb4 Ne4 17. Qf4 Qxb4 18. Ba3 Qd2 19. Qxd2 Nxd2 20. Rfd1 Ne4 21. Bxf8 Kxf8 22. Bxe4 dxe4 23. Rd7 Bc6 24. Raxa7 Bxd7 25. Rxa8+ Ke7 26. Kf1 Kd6 27. Ra7 f5 28. h4 g5 29. h5 f4 30. Ra8 Bb5+ 31. Ke1 g4 32. Rh8 Ke5 33. Rxh6 e3 34. fxe3 fxe3 35. Rb6 Ba4 36. Ke2 Bxc2 37. Kxe3 Kf5 38. Rb5+ Kf6 39. Rc5 Bb1 40. g3 Kg7 41. Kf4 Kh6 42. Kxg4 Bd3 43. Kh4 1-0


[Site "https://www.chess.com"]

[Event "Titled Tuesday Blitz September 13 Late 2022"]
[White "Przybylski, Wojciech"]
[Black "Melkumyan, Hrant"]
[WhiteFideId "1117599"]
[BlackFideId "13302485"]
[WhiteElo "2133"]
[BlackElo "2604"]
[Result "0-1"]
[Round "01"]
[TimeControl "180+1"]
[Date "2022.09.13"]
[WhiteClock "0:00:04"]
[BlackClock "0:00:37"]

1. e4 c6 2. d4 d5 3. e5 Bf5 4. Nf3 e6 5. Be2 Ne7 6. O-O c5 7. c3 Nec6 8. Be3 Nd7 9. a3 Be7 10. Nbd2 O-O 11. Re1 Bg6 12. b4 cxd4 13. cxd4 Nb6 14. Qb3 Qd7 15. Rec1 Rfc8 16. Ne1 a6 17. f4 Na7 18. Nd3 Bxd3 19. Bxd3 Rxc1+ 20. Rxc1 Rc8 21. Rc2 g6 22. g4 Rxc2 23. Qxc2 Nb5 24. Nb1 Nc4 25. Bxc4 dxc4 26. Qxc4 Nc7 27. Nc3 b5 28. Qd3 Qc6 29. f5 Qf3 30. Qe4 Qxe4 31. Nxe4 Nd5 32. f6 Bxb4 33. axb4 Nxe3 34. Nc5 Nc2 35. Nxa6 Nxd4 36. Nc7 Nf3+ 37. Kg2 Nxe5 38. Kg3 Nc6 39. Nxb5 Nxb4 40. Kf4 Nd5+ 41. Kg5 h6+ 42. Kxh6 Nxf6 43. Kg5 Kg7 44. Nd6 e5 45. h3 Nh7+ 46. Kh4 Kf6 47. Kg3 Ke6 48. Ne4 f5 49. Nc5+ Kd6 50. Nb7+ Ke7 51. h4 Nf6 52. gxf5 gxf5 53. Nc5 Kd6 54. Nb7+ Kd5 55. Nd8 Ke4 56. Ne6 f4+ 57. Kg2 Kf5 58. Nc5 e4 59. h5 Nxh5 60. Nb3 Nf6 61. Nd2 Kg4 62. Nc4 f3+ 63. Kf2 Kf4 64. Ne3 Ng4+ 0-1


[Site "https://www.chess.com"]

[Event "Titled Tuesday Blitz September 13 Late 2022"]
[White "Runets, Ivan"]
[Black "Milikow, Yoav"]
[WhiteFideId "13511564"]
[BlackFideId "2822237"]
[WhiteElo "1962"]
[BlackElo "2341"]
[Result "1-0"]
[Round "01"]
[TimeControl "180+1"]
[Date "2022.09.13"]
[WhiteClock "0:00:19"]
[BlackClock "0:00:19"]

1. d4 d5 2. c4 e6 3. Nc3 Nf6 4. Nf3 c5 5. cxd5 cxd4 6. Qxd4 exd5 7. Bg5 Be7 8. e3 Nc6 9. Bb5 O-O 10. Qa4 Be6 11. O-O Qb6 12. Rfd1 Rfd8 13. Nd4 Nxd4 14. Qxd4 h6 15. Qxb6 axb6 16. Bf4 Rac8 17. Rac1 Rc5 18. Be5 Ne4 19. Bd4 Rcc8 20. Bxb6 Rd6 21. Bd4 Ra8 22. a3 Ra5 23. Nxe4 dxe4 24. Bc4 Bg4 25. Rd2 Ra8 26. h3 Bh5 27. g4 Bg6 28. Rdc2 Rdd8 29. Bb3 h5 30. Rc7 Bg5 31. R1c5 Bf6 32. Bxf6 gxf6 33. gxh5 Bh7 34. Rxf7 Kh8 35. Rcc7 Bg8 36. Rg7 Bxb3 37. Rh7+ Kg8 38. Rcg7+ Kf8 39. h6 Bf7 40. Rxf7+ 1-0


[Site "https://www.chess.com"]

[Event "Titled Tuesday Blitz September 13 Late 2022"]
[White "Sarana, Alexey"]
[Black "Gheorghiu, Calin"]
[WhiteFideId "24133795"]
[BlackFideId "1200305"]
[WhiteElo "2689"]
[BlackElo "2168"]
[Result "1-0"]
[Round "01"]
[TimeControl "180+1"]
[Date "2022.09.13"]
[WhiteClock "0:01:37"]
[BlackClock "0:00:06"]

1. c4 e5 2. g3 Nc6 3. Bg2 g6 4. Nc3 Bg7 5. Nf3 d6 6. O-O Nf6 7. d3 O-O 8. Rb1 h6 9. b4 Be6 10. b5 Ne7 11. a4 Qd7 12. Re1 Bh3 13. Bh1 Qf5 14. Nh4 Qh5 15. Bxb7 g5 16. Bf3 Bg4 17. Ng2 Bxf3 18. exf3 g4 19. f4 Ng6 20. Ne4 Rfe8 21. Nxf6+ Bxf6 22. Re4 exf4 23. Nxf4 Nxf4 24. Bxf4 Rxe4 25. dxe4 Re8 26. Qd3 Qc5 27. Be3 Qe5 28. Bxa7 Qxe4 29. Qxe4 Rxe4 30. a5 Rxc4 31. Be3 d5 32. b6 cxb6 33. axb6 Be5 34. b7 Bb8 35. Bf4 Rxf4 36. gxf4 Kg7 37. Rc1 Bxf4 38. Rc8 f5 39. b8=Q Bxb8 40. Rxb8 Kf6 41. Rb6+ Kg5 42. Rd6 1-0


[Site "https://www.chess.com"]

[Event "Titled Tuesday Blitz September 13 Late 2022"]
[White "Semenenko, Dmytry"]
[Black "Rustemov, Alexander"]
[WhiteFideId "14118645"]
[BlackFideId "4119002"]
[WhiteElo "2113"]
[BlackElo "2865"]
[Result "0-1"]
[Round "01"]
[TimeControl "180+1"]
[Date "2022.09.13"]
[WhiteClock "0:01:53"]
[BlackClock "0:00:31"]

1. Nf3 d5 2. c4 c6 3. e3 Nf6 4. Nc3 a6 5. cxd5 cxd5 6. d4 Bf5 7. Bd3 Bxd3 8. Qxd3 e6 9. O-O Nc6 10. e4 dxe4 11. Nxe4 Be7 12. Be3 O-O 13. Rac1 Rc8 14. Rfd1 Qd7 15. Nc5 Bxc5 16. dxc5 Qxd3 17. Rxd3 Rfd8 18. Rcd1 Rxd3 19. Rxd3 Nd5 20. a3 f6 21. b4 Kf7 22. Nd4 Nxd4 23. Bxd4 Nf4 24. Rd2 Rd8 25. Bc3 Nd5 26. Bb2 e5 27. f3 Ke6 28. Kf2 Rd7 29. g3 h5 30. Ke2 g5 31. Ba1 g4 32. Kf2 Rc7 33. Rd3 b6 34. cxb6 Rc2+ 35. Ke1 Nxb6 36. fxg4 Rxh2 37. Bc3 hxg4 38. Rd8 Nd5 39. Bd2 Rg2 40. Ra8 Rxg3 41. Rxa6+ Kf5 42. b5 Rg1+ 43. Ke2 Rb1 44. a4 g3 45. Be1 Rb2+ 46. Kf1 Ne3+ 47. Kg1 Rb1 48. b6 Rxe1# 0-1


[Site "https://www.chess.com"]

[Event "Titled Tuesday Blitz September 13 Late 2022"]
[White "Shimanov, Aleksandr"]
[Black "Shohat, Yotam"]
[WhiteFideId "4198603"]
[BlackFideId "2813955"]
[WhiteElo "2605"]
[BlackElo "2119"]
[Result "1-0"]
[Round "01"]
[TimeControl "180+1"]
[Date "2022.09.13"]
[WhiteClock "0:02:03"]
[BlackClock "0:00:01"]

1. e4 c5 2. Nf3 d6 3. d4 cxd4 4. Qxd4 Bd7 5. c4 Nc6 6. Qe3 Nf6 7. Nc3 Ng4 8. Qd2 g6 9. h3 Nge5 10. Nxe5 Nxe5 11. Be2 Bg7 12. O-O O-O 13. b3 Nc6 14. Bb2 Nd4 15. Bd3 Bc6 16. Nd5 e5 17. Rae1 Bxd5 18. exd5 a5 19. f4 Qb6 20. Kh1 a4 21. b4 a3 22. Bc3 Rae8 23. fxe5 Rxe5 24. Rxe5 Bxe5 25. Qf2 Bg7 26. Rd1 Re8 27. Bf1 Re4 28. g3 f5 29. Rd2 Qc7 30. Bxd4 Bxd4 31. Rxd4 Qb6 32. Rd2 Qxb4 33. Kg2 Rxc4 34. Bxc4 Qxc4 35. Qe3 1-0


[Site "https://www.chess.com"]

[Event "Titled Tuesday Blitz September 13 Late 2022"]
[White "Svane, Frederik"]
[Black "Can, Melih Kaan"]
[WhiteFideId "12923044"]
[BlackFideId "6317383"]
[WhiteElo "2459"]
[BlackElo "2029"]
[Result "1-0"]
[Round "01"]
[TimeControl "180+1"]
[Date "2022.09.13"]
[WhiteClock "0:00:14"]
[BlackClock "0:00:13"]

1. b3 c6 2. Bb2 d5 3. Nf3 Nf6 4. g3 g6 5. Bg2 Bg7 6. O-O O-O 7. c4 Bf5 8. d3 a5 9. a3 Na6 10. Nbd2 Re8 11. Re1 Qc8 12. e4 dxe4 13. dxe4 Bh3 14. e5 Bxg2 15. Kxg2 Ng4 16. Qc2 Nc5 17. b4 axb4 18. axb4 Rxa1 19. Bxa1 Ne6 20. c5 Rd8 21. Nc4 Qd7 22. Na5 Qc7 23. Bc3 Rd5 24. Rd1 Qd7 25. Rd2 Rxd2 26. Qxd2 Qxd2 27. Nxd2 Bxe5 28. Bxe5 Nxe5 29. Nxb7 Nd4 30. Na5 Nd3 31. Nf3 Nxf3 32. Kxf3 Nxb4 33. Ke4 Kf8 34. Kd4 Ke8 35. Kc4 Nc2 36. Nxc6 Kd7 37. Ne5+ Ke6 38. Nf3 f6 39. Nd4+ Nxd4 40. Kxd4 Kd7 41. Kd5 e6+ 42. Kd4 Kc6 43. Kc4 h6 44. f4 h5 45. h3 Kc7 46. Kb5 Kb7 47. Kc4 Kc6 48. Kb4 e5 49. fxe5 fxe5 50. Kc4 e4 51. Kd4 e3 52. Kxe3 Kxc5 53. Kf4 Kd6 54. Kg5 Ke7 55. Kxg6 h4 56. g4 Ke6 57. Kg5 Kf7 58. Kxh4 Kg7 59. Kg3 Kh7 60. h4 Kg7 61. Kf4 Kh7 62. h5 Kh6 63. Kf5 Kh7 64. g5 Kg7 65. h6+ Kh7 66. Kf6 Kh8 67. g6 Kg8 68. g7 Kh7 69. Kf7 Kxh6 70. g8=Q 1-0


[Site "https://www.chess.com"]

[Event "Titled Tuesday Blitz September 13 Late 2022"]
[White "Taboas Rodriguez, Daniel"]
[Black "Ivic, Velimir"]
[WhiteFideId "2208466"]
[BlackFideId "950122"]
[WhiteElo "2429"]
[BlackElo "2625"]
[Result "0-1"]
[Round "01"]
[TimeControl "180+1"]
[Date "2022.09.13"]
[WhiteClock "0:00:07"]
[BlackClock "0:00:27"]

1. d4 Nf6 2. Nf3 g6 3. c4 Bg7 4. Nc3 d5 5. cxd5 Nxd5 6. e4 Nxc3 7. bxc3 c5 8. Be3 O-O 9. Be2 Qa5 10. O-O Rd8 11. Qb3 cxd4 12. cxd4 Nc6 13. Rad1 Bg4 14. d5 Bxf3 15. gxf3 Ne5 16. f4 Nd7 17. e5 Nb6 18. Bf3 Rac8 19. d6 exd6 20. Rxd6 Rxd6 21. exd6 Rc3 22. Bxb6 axb6 23. Qd1 Bf6 24. d7 b5 25. Re1 Kg7 26. Re8 Qc7 27. Kg2 Qxf4 28. Re4 Qf5 29. Re3 Qg5+ 30. Kf1 Rxe3 31. fxe3 Qxe3 32. Qe2 Qf4 33. Kg2 h5 34. Qxb5 Qd2+ 35. Be2 h4 36. Qd3 Qxa2 37. Kf3 Qa5 38. h3 Qg5 39. Qd6 b5 40. Kf2 Qf5+ 41. Ke1 Bc3+ 42. Kd1 Qb1# 0-1


[Site "https://www.chess.com"]

[Event "Titled Tuesday Blitz September 13 Late 2022"]
[White "Tari, Aryan"]
[Black "Loay, Sameer"]
[WhiteFideId "1510045"]
[BlackFideId "8104239"]
[WhiteElo "2612"]
[BlackElo "2040"]
[Result "1-0"]
[Round "01"]
[TimeControl "180+1"]
[Date "2022.09.13"]
[WhiteClock "0:00:51"]
[BlackClock "0:00:23"]

1. Nf3 Nf6 2. d4 g6 3. c4 Bg7 4. Nc3 O-O 5. e4 d6 6. Be2 Na6 7. O-O e5 8. d5 Nc5 9. Nd2 a5 10. Rb1 Ne8 11. b3 f5 12. a3 Bh6 13. b4 Na6 14. c5 Nf6 15. Nc4 Bxc1 16. Qxc1 axb4 17. axb4 dxc5 18. b5 Nb4 19. Nxe5 fxe4 20. Rd1 Bf5 21. Qe3 b6 22. Nc6 Nxc6 23. dxc6 Qe7 24. h3 Ra3 25. Nd5 Nxd5 26. Qxa3 Nf4 27. Bc4+ Kg7 28. Qc3+ Rf6 29. Ra1 Be6 30. Qe5 Qf7 31. Rd7 Ne2+ 32. Kh2 Bxc4 33. Rxf7+ Bxf7 34. Qxc7 Rxf2 35. Qe5+ Kh6 36. c7 Nf4 37. Qxf4+ Rxf4 38. c8=Q e3 39. Qc7 Rf2 40. Qe5 e2 41. Qe3+ 1-0


[Site "https://www.chess.com"]

[Event "Titled Tuesday Blitz September 13 Late 2022"]
[White "Ter-Sahakyan, Samvel"]
[Black "Lopez Gracia, Fernando"]
[WhiteFideId "13302531"]
[BlackFideId "2207184"]
[WhiteElo "2604"]
[BlackElo "2497"]
[Result "1-0"]
[Round "01"]
[TimeControl "180+1"]
[Date "2022.09.13"]
[WhiteClock "0:00:23"]
[BlackClock "0:00:05"]

1. e4 e5 2. Nf3 Nc6 3. Bb5 a6 4. Ba4 Nf6 5. O-O Bc5 6. c3 b5 7. Bb3 d6 8. a4 Bg4 9. d3 h6 10. Nbd2 O-O 11. h3 Be6 12. Bc2 Rb8 13. b4 Bb6 14. Re1 Re8 15. Nb3 d5 16. a5 Ba7 17. Be3 Bxe3 18. fxe3 dxe4 19. dxe4 Bxb3 20. Bxb3 Nxe4 21. Qd5 Qxd5 22. Bxd5 Nxc3 23. Bxc6 Re6 24. Bd7 Rd6 25. Bg4 h5 26. Bf5 e4 27. Ng5 Re8 28. Rac1 Rd5 29. Rxc3 Rxf5 30. h4 f6 31. Nh3 g5 32. Rxc7 Rd8 33. Rf1 Rxf1+ 34. Kxf1 Rd5 35. Rc6 Kg7 36. Rxa6 Rd3 37. hxg5 Rxe3 38. gxf6+ 1-0


[Site "https://www.chess.com"]

[Event "Titled Tuesday Blitz September 13 Late 2022"]
[White "Turayev, Shahruh"]
[Black "Naroditsky, Daniel"]
[WhiteFideId "14003856"]
[BlackFideId "2026961"]
[WhiteElo "2539"]
[BlackElo "2628"]
[Result "0-1"]
[Round "01"]
[TimeControl "180+1"]
[Date "2022.09.13"]
[WhiteClock "0:00:01"]
[BlackClock "0:00:05"]

1. e4 e5 2. Nc3 Nf6 3. Bc4 Nc6 4. d3 Bb4 5. Ne2 d5 6. exd5 Nxd5 7. O-O Nb6 8. Bb3 O-O 9. f4 Bg4 10. Qe1 Nd4 11. Bd2 Nxb3 12. axb3 Re8 13. f5 Bxe2 14. Qxe2 Bxc3 15. bxc3 Nd5 16. Ra4 a6 17. f6 Nxf6 18. Bg5 Re6 19. Bxf6 Rxf6 20. Qxe5 Rxf1+ 21. Kxf1 Qd7 22. Rd4 Qc8 23. Qe7 Qf5+ 24. Kg1 h6 25. Rd8+ Rxd8 26. Qxd8+ Kh7 27. Qxc7 Qe6 28. h3 Qe3+ 29. Kh2 Qd2 30. Qxf7 Qxc2 31. Qf5+ Kh8 32. Qc8+ Kh7 33. Qc4 b5 34. Qe4+ Kh8 35. Qa8+ Kh7 36. Qxa6 Qxd3 37. Qc6 Qe2 38. Qc5 Qd3 39. b4 Kh8 40. Qd4 Qe2 41. Kg1 Qe1+ 42. Kh2 Qe2 43. Kg3 Kh7 44. h4 h5 45. Qc5 Qe1+ 46. Kh3 Qh1+ 47. Kg3 Qe1+ 48. Kf3 Qf1+ 49. Ke3 Qg1+ 50. Kd3 Qf1+ 51. Kd4 Qf4+ 52. Kd5 Qxh4 53. Qxb5 Qg5+ 54. Kc6 Qxg2+ 55. Kb6 Qg6+ 56. Kb7 h4 57. Qd7 Qg2+ 58. Kc7 Qg3+ 59. Kb7 Qf3+ 60. Kc7 h3 61. Qd6 Qxc3+ 62. Kb7 Qf3+ 63. Kb6 Qf6 64. Ka6 Qxd6+ 0-1


[Site "https://www.chess.com"]

[Event "Titled Tuesday Blitz September 13 Late 2022"]
[White "Vasquez Schroeder, Rodrigo"]
[Black "Meduri, Aakaash"]
[WhiteFideId "3400042"]
[BlackFideId "2032252"]
[WhiteElo "2577"]
[BlackElo "2113"]
[Result "1-0"]
[Round "01"]
[TimeControl "180+1"]
[Date "2022.09.13"]
[WhiteClock "0:01:12"]
[BlackClock "0:00:18"]

1. e4 c5 2. Nf3 d6 3. d4 cxd4 4. Nxd4 Nf6 5. Nc3 g6 6. g3 Bg7 7. Bg2 O-O 8. O-O Nbd7 9. a4 Nc5 10. h3 Ne6 11. Nb3 Rb8 12. Be3 b6 13. Re1 Bb7 14. Qd2 Re8 15. Bh6 Bh8 16. Rad1 Nc5 17. Nd4 a6 18. b3 Qc7 19. Nd5 Nxd5 20. exd5 Nd7 21. c4 Nf6 22. Re2 Rbd8 23. Rde1 Rd7 24. Kh2 Ba8 25. g4 Qc5 26. Nf5 e5 27. dxe6 fxe6 28. Bxa8 Rxa8 29. Rxe6 gxf5 30. Qg5+ Kf7 31. Rxf6+ Bxf6 32. Qh5+ Kg8 33. Re8+ Rxe8 34. Qxe8# 1-0


[Site "https://www.chess.com"]

[Event "Titled Tuesday Blitz September 13 Late 2022"]
[White "Xiong, Jeffery"]
[Black "Barria Santos, Jose Guilherme"]
[WhiteFideId "2047640"]
[BlackFideId "1939300"]
[WhiteElo "2714"]
[BlackElo "2263"]
[Result "1-0"]
[Round "01"]
[TimeControl "180+1"]
[Date "2022.09.13"]
[WhiteClock "0:02:35"]
[BlackClock "0:01:43"]

1. e4 c5 2. Nf3 e6 3. g3 Nc6 4. Bg2 g6 5. d4 cxd4 6. Nxd4 Bc5 7. Nb3 Nge7 8. Nxc5 Qa5+ 9. Nc3 Qxc5 10. Bh6 Qd4 11. Qxd4 Nxd4 12. O-O-O Nec6 13. Bg7 Rg8 14. Bxd4 Nxd4 15. Rxd4 a6 16. e5 Rb8 17. Ne4 Ke7 18. Nf6 Rd8 19. Rd6 b5 20. Rhd1 h6 21. Bc6 1-0


[Site "https://www.chess.com"]

[Event "Titled Tuesday Blitz September 13 Late 2022"]
[White "Zenin, Dmitry"]
[Black "Ibarra Jerez, Jose Carlos"]
[WhiteFideId "4127897"]
[BlackFideId "2226332"]
[WhiteElo "2215"]
[BlackElo "2627"]
[Result "0-1"]
[Round "01"]
[TimeControl "180+1"]
[Date "2022.09.13"]
[WhiteClock "0:00:01"]
[BlackClock "0:00:39"]

1. d4 Nf6 2. c4 d6 3. Nc3 e5 4. d5 Nbd7 5. g3 a5 6. Bg2 g6 7. Nf3 Bg7 8. O-O O-O 9. Ne1 Nb6 10. b3 e4 11. Nc2 Re8 12. Bb2 a4 13. Rb1 h5 14. h3 Qe7 15. Ne3 Bd7 16. Qd2 Kh7 17. Rbc1 Bh6 18. Qd4 Bg7 19. Ncd1 axb3 20. axb3 Ra2 21. c5 dxc5 22. Qxc5 Qxc5 23. Rxc5 c6 24. dxc6 Bxc6 25. Rc2 Rea8 26. Nc3 R2a5 27. Ncd1 Rb5 28. Bd4 Rxb3 29. Nc3 Re8 30. Rd1 Rb4 31. Bc5 Rb3 32. Bd4 Na4 33. Nxa4 Bxa4 34. Rdc1 Bc6 35. Rd2 Rd8 36. Rcd1 Ra8 0-1


[Site "https://www.chess.com"]

[Event "Titled Tuesday Blitz September 13 Late 2022"]
[White "Andreikin, Dmitry"]
[Black "Navarrete Mendez, Gonzalo Alberto"]
[WhiteFideId "4158814"]
[BlackFideId "5106850"]
[WhiteElo "2736"]
[BlackElo "2261"]
[Result "1-0"]
[Round "02"]
[TimeControl "180+1"]
[Date "2022.09.13"]
[WhiteClock "0:01:24"]
[BlackClock "0:00:05"]

1. d4 d5 2. c4 dxc4 3. e4 b5 4. a4 c6 5. axb5 cxb5 6. Nc3 a6 7. Nxb5 axb5 8. Rxa8 Bb7 9. Ra1 e6 10. Ne2 Nf6 11. f3 Nc6 12. Be3 Na5 13. Nc3 Qb6 14. Nxb5 Qxb5 15. Qa4 Bb4+ 16. Bd2 Bxd2+ 17. Kxd2 Nb3+ 18. Kc3 Qd7 19. Bxc4 O-O 20. Qxd7 Nxd7 21. Bxb3 Nb6 22. Rhc1 Rc8+ 23. Kd2 Rd8 24. Ke3 1-0


[Site "https://www.chess.com"]

[Event "Titled Tuesday Blitz September 13 Late 2022"]
[White "Barbosa, Evandro Amorim"]
[Black "Tari, Aryan"]
[WhiteFideId "2115824"]
[BlackFideId "1510045"]
[WhiteElo "2454"]
[BlackElo "2612"]
[Result "0-1"]
[Round "02"]
[TimeControl "180+1"]
[Date "2022.09.13"]
[WhiteClock "0:00:01"]
[BlackClock "0:00:12"]

1. e4 c6 2. d4 d5 3. exd5 cxd5 4. c4 Nf6 5. Nc3 g6 6. cxd5 Nxd5 7. Qb3 Nb6 8. d5 Bg7 9. Be3 O-O 10. Rd1 Na6 11. Bxa6 bxa6 12. Nge2 a5 13. O-O Ba6 14. Rfe1 Rb8 15. Qc2 Nc4 16. Bc1 Qd7 17. Nd4 Bb7 18. Qe2 Bxd5 19. Ndb5 e6 20. Qxc4 Bxc4 21. Rxd7 Bxb5 22. Rxa7 Bxc3 23. bxc3 Ra8 24. Rxa8 Rxa8 25. Be3 Bc4 26. a3 Rb8 27. Rd1 Kg7 28. g4 Be2 29. Rd2 Bxg4 30. Bd4+ f6 31. f4 Bf3 32. Kf2 Bd5 33. c4 Bxc4 34. Rb2 Bb3 35. Rd2 a4 36. Bc3 Bd5 37. Rb2 Rc8 38. Bb4 Rc4 39. Ke3 Re4+ 40. Kd3 Rxf4 41. Rd2 Rf3+ 42. Ke2 Rh3 43. Ke1 g5 44. Rc2 Kg6 45. Kf1 h5 46. Kg1 h4 47. Rc7 Rb3 48. Rc3 Rb1+ 49. Kf2 Rb2+ 50. Ke3 Rxh2 51. Rc8 Rh3+ 52. Kd4 Rf3 53. Rf8 h3 54. Rg8+ Kf5 55. Rh8 Kg4 56. Kc5 Kg3 57. Be1+ Kg2 0-1


[Site "https://www.chess.com"]

[Event "Titled Tuesday Blitz September 13 Late 2022"]
[White "Barria Zuniga, Daniel"]
[Black "Lenderman, Aleksandr"]
[WhiteFideId "3400816"]
[BlackFideId "2021285"]
[WhiteElo "2414"]
[BlackElo "2607"]
[Result "0-1"]
[Round "02"]
[TimeControl "180+1"]
[Date "2022.09.13"]
[WhiteClock "0:00:54"]
[BlackClock "0:02:26"]

1. d4 e6 2. c4 b6 3. Nf3 Bb7 4. g3 Bb4+ 5. Nbd2 Bxf3 6. exf3 Nc6 7. a3 Bxd2+ 8. Qxd2 Qf6 9. d5 Nd4 10. Qc3 Nxf3+ 11. Ke2 Nd4+ 12. Kd3 c5 13. dxc6 dxc6 14. Qxd4 Rd8 15. Qxd8+ Kxd8 16. Kc2 Qf3 17. Be3 Qxh1 18. Bd3 Qxa1 19. Bc1 Nf6 0-1


[Site "https://www.chess.com"]

[Event "Titled Tuesday Blitz September 13 Late 2022"]
[White "Bortnyk, Olexandr"]
[Black "Leitao, Rafael"]
[WhiteFideId "14120828"]
[BlackFideId "2101246"]
[WhiteElo "2723"]
[BlackElo "2609"]
[Result "1-0"]
[Round "02"]
[TimeControl "180+1"]
[Date "2022.09.13"]
[WhiteClock "0:00:28"]
[BlackClock "0:00:04"]

1. d4 Nf6 2. Nc3 d6 3. e4 g6 4. Be3 c6 5. f3 b5 6. Qd2 Nbd7 7. Nh3 b4 8. Ne2 Nb6 9. Qxb4 Bxh3 10. gxh3 Bg7 11. Ng3 O-O 12. Qd2 Nfd7 13. c3 e5 14. Rd1 d5 15. b3 exd4 16. Bxd4 Ne5 17. Bg2 dxe4 18. fxe4 Qh4 19. O-O Rad8 20. Qe2 Rfe8 21. Qf2 Qe7 22. a4 Qe6 23. a5 Nc8 24. b4 a6 25. Qe2 Nd6 26. Qxa6 Nb5 27. Ne2 Ra8 28. Qb6 Reb8 29. Qc5 Nd7 30. Qg5 Nxd4 31. Nxd4 Qc4 32. Nf5 gxf5 33. Rxd7 Qxc3 34. exf5 h6 35. Qe7 Qc4 36. Rf4 Qc1+ 37. Bf1 Kh8 38. Rg4 Rg8 39. f6 1-0


[Site "https://www.chess.com"]

[Event "Titled Tuesday Blitz September 13 Late 2022"]
[White "Cruz, Jonathan"]
[Black "Bortnyk, Mykola"]
[WhiteFideId "3802124"]
[BlackFideId "14120836"]
[WhiteElo "2406"]
[BlackElo "2582"]
[Result "0-1"]
[Round "02"]
[TimeControl "180+1"]
[Date "2022.09.13"]
[WhiteClock "0:00:15"]
[BlackClock "0:01:16"]

1. Nf3 c5 2. e4 d6 3. c3 Nf6 4. Bb5+ Bd7 5. Bxd7+ Qxd7 6. Qe2 Qg4 7. d3 Qxg2 8. Rg1 Qh3 9. Bg5 Nc6 10. Na3 Qd7 11. O-O-O O-O-O 12. d4 cxd4 13. cxd4 d5 14. e5 Ne4 15. Bh4 f6 16. Nc2 g5 17. Bg3 h5 18. h4 g4 19. Nfe1 Bh6+ 20. Kb1 f5 21. Nd3 e6 22. Bf4 Kb8 23. Qe3 Bf8 24. Rc1 Be7 25. Na1 Bxh4 26. Nb3 Be7 27. f3 gxf3 28. Rg7 Rdg8 29. Nbc5 Qc8 30. Rxe7 Nxe7 31. Na6+ bxa6 32. Rxc8+ Rxc8 33. Qxf3 h4 34. a3 h3 35. Nb4 h2 36. Ka2 h1=Q 37. Nxa6+ Ka8 38. Qb3 Qf1 0-1


[Site "https://www.chess.com"]

[Event "Titled Tuesday Blitz September 13 Late 2022"]
[White "Danielyan, Vahe"]
[Black "Makarian, Rudik"]
[WhiteFideId "13304828"]
[BlackFideId "44105681"]
[WhiteElo "2421"]
[BlackElo "2410"]
[Result "0-1"]
[Round "02"]
[TimeControl "180+1"]
[Date "2022.09.13"]
[WhiteClock "0:01:43"]
[BlackClock "0:01:46"]

1. Nf3 Nf6 2. c4 g6 3. g3 Bg7 4. Bg2 c5 5. O-O Nc6 6. Nc3 d6 7. d4 cxd4 8. Nxd4 Bd7 9. Nc2 Qc8 10. Bg5 Bh3 11. Ne3 Bxg2 12. Kxg2 h6 13. Bxf6 Bxf6 14. Rc1 O-O 15. Qd2 Bg7 16. Ncd5 Re8 17. h4 h5 18. f4 e6 19. Nc3 Ne7 20. Ne4 Qc6 21. Nd5 exd5 22. Ng5 dxc4+ 23. Kh2 d5 24. b3 c3 25. Qd3 Nf5 0-1


[Site "https://www.chess.com"]